 Dungeon Crawl Stone Soup version 0.22.0 (webtiles) character file.

20251 troglodite the Fighter (level 12, -8/95 HPs)
             Began as a Demonspawn Berserker on Aug 10, 2018.
             Was a High Priest of Trog.
             Mangled by an orc warrior
             ... wielding a +0 halberd
              (17 damage)
             ... while paralysed by an orc sorcerer
             ... on level 2 of the Orcish Mines.
             The game lasted 00:48:49 (17699 turns).

troglodite the Fighter (Demonspawn Berserker)      Turns: 17699, Time: 00:48:49

Health: -8/95      AC: 15    Str: 19    XL:     12   Next: 43%
Magic:  4/4        EV:  2    Int:  8    God:    Trog [*****.]
Gold:   1222       SH:  0    Dex: 23    Spells: 11/11 levels left

rFire    x . .     SeeInvis .   P - +2 hand axe of Infection {antimagic, rElec rF- rC+ Dex+6}
rCold    + . .     Gourm    .   d - +0 buckler
rNeg     . . .     Faith    .   G - +3 ring mail
rPois    +         Spirit   .   K - +1 hat
rElec    +         Reflect  .   x - +0 cloak {rPois}
rCorr    .         Harm     .   A - +0 pair of gloves
MR       +....                  p - +0 pair of boots
Stlth    +++++.....             i - amulet of the acrobat
HPRegen  0.25/turn              g - ring of protection from magic
MPRegen  0.09/turn              (no ring)

@: paralysed, berserk cooldown, slowed, repel missiles
A: talons 2, repulsion field 3, nightstalker 2
a: Berserk, Trog's Hand, Brothers in Arms, Renounce Religion


You were on level 2 of the Orcish Mines.
You worshipped Trog.
Trog was extremely pleased with you.
You were near starving.

You visited 2 branches of the dungeon, and saw 13 of its levels.

You collected 1222 gold pieces.

Inventory:

Hand Weapons
 a - a +0 falchion
 H - a +2 hand axe of venom
 I - a +3 falchion
 P - the +2 hand axe of Infection (weapon) {antimagic, rElec rF- rC+ Dex+6}
   (Trog gifted it to you on level 1 of the Orcish Mines)

   It reduces the magical energy of the wielder, and disrupts the spells and
   magical abilities of those hit.
   Natural abilities and divine invocations are not affected.
   It affects your dexterity (+6).
   It makes you vulnerable to fire.
   It protects you from cold.
   It insulates you from electricity.
Armour
 d - a +0 buckler (worn)
 p - a +0 pair of boots (worn)
 x - a +0 cloak of poison resistance (worn)
 A - a +0 pair of gloves (worn)
 G - a +3 ring mail (worn)
 K - a +1 hat (worn)
 O - a +0 cloak of invisibility
Jewellery
 g - a ring of protection from magic (left hand)
 i - an amulet of the acrobat (around neck)
 J - an uncursed ring of ice
Wands
 n - a wand of disintegration (17)
 N - a wand of polymorph (20)
Scrolls
 b - 4 scrolls of teleportation
 e - 2 scrolls of magic mapping {unknown}
 k - a scroll of immolation
 m - 6 scrolls of remove curse
 v - 4 scrolls of enchant armour {unknown}
 y - a scroll of summoning {unknown}
 B - a scroll of brand weapon {unknown}
 C - a scroll of fog {unknown}
 D - 3 scrolls of identify
 E - a scroll of vulnerability {unknown}
 F - 2 scrolls of fear {unknown}
 M - a scroll of silence {unknown}
Potions
 f - 5 potions of resistance
 h - 3 potions of heal wounds {unknown}
 j - 2 potions of might {unknown}
 l - 5 potions of agility
 o - 5 potions of flight
 q - a potion of invisibility {unknown}
 r - a potion of mutation {unknown}
 s - a potion of berserk rage {unknown}
 t - a potion of cancellation {unknown}
 u - 5 potions of lignification
 w - 9 potions of curing
 z - 2 potions of magic {unknown}
Comestibles
 c - 22 rations


   Skills:
 * Level 9.0 Fighting
 + Level 8.2 Long Blades
 + Level 5.8 Axes
 * Level 8.8 Armour
 * Level 7.2 Dodging
 * Level 7.3 Stealth
 * Level 7.0 Shields


You had 11 spell levels left.
You didn't know any spells.
Your spell library was empty.

Dungeon Overview and Level Annotations

Branches:
Dungeon (11/15)            Temple (0/1) D:4            Lair (0/6) D:11
    Orc (2/2) D:9             Elf (0/3) Orc:2

Altars:
Dithmenos
Fedhas
Gozag
Hepliaklqana
Kikubaaqudgha
Nemelex Xobeh
Okawaru
Vehumet
Zin

Shops:
D:5 (   D:6 !   D:7 [*([

Annotations:
Orc:2 Urug


Innate Abilities, Weirdness & Mutations

You have razor-sharp toenails.
You are surrounded by a strong repulsion field. (EV +4, RMsl)
You are significantly more attuned to the shadows.


Message History

Unknown command.
The orc sorcerer casts a spell at you.
You suddenly lose the ability to move!
Send 'em back where they came from!
Trog shields your ally from puny magic!
The orc wizard points at you and mumbles some strange words.
The magic dart hits your iron troll.
The orc warrior hits you from afar with a halberd.
Urug throws a javelin.
The javelin hits your iron troll!
Your iron troll bites the orc wizard.
Your iron troll claws the orc wizard!!
The orc wizard dies!
Trog accepts your kill.
Trog appreciates your killing of a magic user.
Your Fighting skill increases to level 9!
The orc sorcerer casts a spell at you. The bolt of fire hits you!
The fire burns you terribly!
* * * LOW HITPOINT WARNING * * *
Urug throws a javelin.
The javelin hits your iron troll but does no damage.
The orc warrior hits you from afar with a halberd!
You die...

#8...8###
#..##.###.....# #.....#
#...#..#....... ..#.
##..........##.# ....
#.........### #
..o.#####.....#.##
.....o8.......###
....)).).......#
....)(o)To..)..## ###
.....))(.(o@[([.# ##.##
......8(.##.)#(## #...#
....##########.##
####.... .... ##..)##
##.#..... ..#.
#...#[###...#..#.
#....).#...##....
##.......#....#...
###........#........
####...................


You could see Urug, an orc sorcerer, an orc warrior and a friendly iron troll
(berserk).

Vanquished Creatures
  Erolcha (D:11)
  Fannar (D:11)
  Harold (D:11)
  2 two-headed ogres (D:10)
  4 orc sorcerers
  A manticore (D:11)
  Maurice (D:11)
  A komodo dragon (D:11)
  A troll (D:9)
  3 wraiths (Orc:2)
  14 yaks
  Grum (D:8)
  A hungry ghost (D:10)
  3 wargs
  Edmund (D:5)
  4 sky beasts
  16 orc warriors
  3 black bears
  3 ice beasts
  3 phantoms
  A necrophage (D:6)
  6 ogres
  3 wolves (D:7)
  A crocodile (D:10)
  5 centaurs
  3 big kobolds (D:10)
  2 elf zombies (D:8)
  8 bullfrogs
  3 scorpions
  16 killer bees
  A troll zombie (D:8)
  5 wights
  A centaur zombie (D:10)
  5 crimson imps
  2 centaur skeletons
  3 hounds
  A quasit (D:9)
  4 bullfrog skeletons
  3 bullfrog zombies
  2 human zombies (D:8)
  16 orc priests
  3 jellies
  Crazy Yiuf (D:4)
  19 orc wizards
  A human skeleton (D:8)
  Ijyb (D:4)
  4 iguanas
  7 worker ants
  3 hound skeletons
  4 mummies (D:8)
  7 gnolls
  8 adders
  4 shadow imps
  2 adder zombies
  An adder skeleton (D:4)
  2 worms
  4 dart slugs
  7 leopard geckos
  86 orcs
  3 giant cockroaches
  8 goblins
  4 hobgoblins
  13 jackals
  20 kobolds
  7 quokkas
  2 ball pythons
  A ball python zombie (D:5)
  6 bats
  2 frilled lizards
  2 leopard gecko zombies
  An orc zombie (D:8)
  9 rats
  A bush (D:2)
399 creatures vanquished.

Vanquished Creatures (collateral kills)
  An orc warlord (Orc:2)
  Josephine (Orc:1)
  An orc high priest (Orc:1)
  2 orc knights (Orc:2)
  An orc sorcerer (Orc:1)
  A wraith (Orc:1)
  A warg (Orc:1)
  4 orc warriors
  An ogre (Orc:1)
  An orc priest (Orc:2)
  3 orc wizards
  3 orcs
20 creatures vanquished.

Vanquished Creatures (others)
  A plant (D:11)
1 creature vanquished.

Grand Total: 420 creatures vanquished

Notes
Turn   | Place    | Note
-------+----------+-------------------------------------------
     0 | D:1      | troglodite the Demonspawn Berserker began the quest for the Orb.
     0 | D:1      | Reached XP level 1. HP: 18/18 MP: 1/1
    24 | D:1      | Gained mutation: You are slightly more attuned to the shadows. [demonic ancestry]
    24 | D:1      | Reached XP level 2. HP: 12/24 MP: 2/2
   297 | D:1      | Gained mutation: You have sharp toenails. [demonic ancestry]
   297 | D:1      | Reached XP level 3. HP: 18/29 MP: 3/3
   799 | D:2      | Reached ** piety under Trog
   833 | D:2      | Gained mutation: You have razor-sharp toenails. [demonic ancestry]
   833 | D:2      | Reached XP level 4. HP: 33/37 MP: 4/4
   924 | D:2      | Found a faded altar of an unknown god.
  1061 | D:2      | Found an opulent altar of Gozag.
  1994 | D:3      | Reached skill level 1 in Stealth
  2021 | D:3      | Gained mutation: You are surrounded by a mild repulsion field. (EV +2) [demonic ancestry]
  2021 | D:3      | Reached XP level 5. HP: 28/42 MP: 5/5
  2082 | D:3      | Found an iron altar of Okawaru.
  2189 | D:3      | Reached skill level 1 in Shields
  2626 | D:4      | Found a runed door.
  2702 | D:4      | Noticed Crazy Yiuf
  2713 | D:4      | Killed Crazy Yiuf
  2829 | D:4      | Reached skill level 4 in Fighting
  2829 | D:4      | Gained mutation: You are surrounded by a moderate repulsion field. (EV +3) [demonic ancestry]
  2829 | D:4      | Reached XP level 6. HP: 24/48 MP: 6/6
  2988 | D:4      | Noticed Ijyb
  2997 | D:4      | Killed Ijyb
  3049 | D:4      | Found a staircase to the Ecumenical Temple.
  3082 | D:4      | Reached *** piety under Trog
  3789 | D:5      | Entered Level 5 of the Dungeon
  3947 | D:5      | Noticed a sky beast
  3968 | D:5      | Killed a sky beast
  3968 | D:5      | Gained mutation: You are significantly more attuned to the shadows. [demonic ancestry]
  3968 | D:5      | Reached XP level 7. HP: 29/55 MP: 7/7
  4201 | D:5      | Found a hazy altar of Hepliaklqana.
  4519 | D:5      | Found a shadowy altar of Dithmenos.
  4592 | D:5      | Found Veosofo's Weapon Boutique.
  4937 | D:5      | Noticed Edmund
  4967 | D:5      | Killed Edmund
  5331 | D:6      | Found Izxol's Distillery.
  5386 | D:6      | Reached XP level 8. HP: 44/61 MP: 8/8
  5583 | D:6      | Reached skill level 5 in Long Blades
  5740 | D:6      | Reached skill level 5 in Fighting
  6075 | D:6      | Found a glowing silver altar of Zin.
  6077 | D:6      | Found a blossoming altar of Fedhas.
  6081 | D:6      | Found an iron altar of Okawaru.
  6253 | D:7      | Reached skill level 5 in Armour
  6311 | D:7      | Found Gasunuipn's Armour Emporium.
  6654 | D:7      | Found a radiant altar of Vehumet.
  6654 | D:7      | Found a sparkling altar of Nemelex Xobeh.
  6747 | D:7      | Found Muar Icw's Weapon Shop.
  6841 | D:7      | Found Okikhliorch's Assorted Antiques.
  6870 | D:7      | Reached **** piety under Trog
  6870 | D:7      | Gained mutation: You are surrounded by a strong repulsion field. (EV +4, RMsl) [demonic ancestry]
  6870 | D:7      | Reached XP level 9. HP: 68/68 MP: 9/9
  7131 | D:7      | Reached skill level 1 in Axes
  7337 | D:7      | Found a sparkling altar of Nemelex Xobeh.
  7394 | D:7      | Found Voutwir's Armour Shop.
  8625 | D:8      | Noticed Grum
  8640 | D:7      | Reached skill level 6 in Fighting
  9009 | D:8      | Killed Grum
  9772 | D:8      | Reached skill level 5 in Dodging
  9798 | D:8      | Found an ancient bone altar of Kikubaaqudgha.
  9863 | D:8      | Reached XP level 10. HP: 67/76 MP: 10/10
 10146 | D:9      | Reached ***** piety under Trog
 10216 | D:9      | Reached skill level 5 in Stealth
 10345 | D:9      | Reached skill level 5 in Shields
 10802 | D:9      | Found a staircase to the Orcish Mines.
 11201 | D:10     | Entered Level 10 of the Dungeon
 11507 | D:10     | Received a gift from Trog
 11628 | D:10     | Reached skill level 7 in Fighting
 11646 | D:10     | Noticed a two-headed ogre
 11670 | D:10     | Killed a two-headed ogre
 11670 | D:10     | Reached skill level 5 in Axes
 12056 | D:10     | Noticed a two-headed ogre
 12069 | D:10     | Killed a two-headed ogre
 12069 | D:10     | Reached XP level 11. HP: 51/84 MP: 11/11
 13179 | D:11     | Noticed Erolcha
 13207 | D:11     | Killed Erolcha
 13249 | D:11     | Noticed Fannar
 13508 | D:11     | Killed Fannar
 13853 | D:11     | Reached skill level 8 in Fighting
 13880 | D:11     | Found a staircase to the Lair.
 14302 | D:11     | Noticed Harold
 14315 | D:11     | Killed Harold
 14535 | D:11     | Noticed Maurice
 14547 | D:11     | Killed Maurice
 14902 | Orc:1    | Entered Level 1 of the Orcish Mines
 14908 | Orc:1    | Noticed an orc sorcerer
 14918 | Orc:1    | Killed an orc sorcerer
 15107 | Orc:1    | You fall through a shaft!
 15107 | Orc:2    | Entered Level 2 of the Orcish Mines
 15129 | Orc:2    | Noticed Josephine
 15156 | Orc:1    | Killed Josephine
 15586 | Orc:2    | Noticed an orc sorcerer
 15590 | Orc:2    | Reached XP level 12. HP: 94/94 MP: 12/12
 15662 | Orc:2    | Found a staircase to the Elven Halls.
 15787 | Orc:1    | Received a gift from Trog
 15813 | Orc:1    | Got a crystal hand axe {god gift}
 15814 | Orc:1    | Identified the +2 hand axe of Infection {antimagic, rElec rF- rC+ Dex+6} (Trog gifted it to you on level 1 of the Orcish Mines)
 15866 | Orc:1    | Found a radiant altar of Vehumet.
 16291 | Orc:2    | Noticed an orc high priest
 16342 | Orc:1    | Killed an orc high priest
 17105 | Orc:2    | Noticed an orc warlord
 17685 | Orc:2    | Killed an orc warlord
 17687 | Orc:2    | Noticed Urug
 17696 | Orc:2    | Paralysed by an orc sorcerer for 4 turns
 17698 | Orc:2    | Reached skill level 9 in Fighting
 17699 | Orc:2    | Mangled by an orc warrior

Skill      XL: |  1  2  3  4  5  6  7  8  9 10 11 12 |
---------------+-------------------------------------+-----
Dodging        | 2 3 4 5 6 7 |  7.2
Long Blades    | 3 4 5 6 8 |  8.2
Armour         | 2 3 4 5 6 7 8 |  8.8
Stealth        | 1 2 3 4 5 6 7 |  7.3
Shields        | 1 2 3 4 5 6 7 |  7.0
Fighting       | 4 5 6 7 8 9 |  9.0
Axes           | 3 5 |  5.8

Action                   |  1- 3 |  4- 6 |  7- 9 | 10-12 || total
-------------------------+-------+-------+-------+-------++-------
Melee: Falchion          |    85 |   437 |   278 |   498 ||  1298
       Kick              |    13 |    11 |       |       ||    24
       Hand axe          |       |       |   359 |   442 ||   801
Invok: Berserk           |     3 |     7 |    17 |    22 ||    49
       Brothers in Arms  |       |       |       |     5 ||     5
  Use: Scroll            |       |     5 |     6 |       ||    11
 Stab: Sleeping          |       |     2 |     3 |    10 ||    15
       Distracted        |       |       |     2 |     3 ||     5
  Eat: Chunk             |     2 |    11 |    25 |    35 ||    73
       Ration            |       |     2 |     3 |     4 ||     9
Armor: Animal skin       |     6 |       |       |       ||     6
       Scale mail        |    35 |   116 |    28 |       ||   179
       Chain mail        |       |       |   216 |   131 ||   347
       Ring mail         |       |       |       |   110 ||   110
Dodge: Dodged            |    80 |   201 |   442 |   802 ||  1525
       Deflected         |       |       |     1 |    10 ||    11
Block: Buckler           |     6 |    64 |   171 |   282 ||   523
       Rpst.: Falchion   |    15 |    80 |    51 |   113 ||   259
